 Dungeon Crawl Stone Soup version 0.31-a0-204-g7da18cac08 (webtiles) character file.

Game seed: 4651330552408774044

45 qw the Shooter (level 3, -1/20 HPs)
             Began as a Deep Elf Hunter on June 27, 2023.
             Killed from afar by Natasha (6 damage)
             ... with a magic dart
             ... on level 2 of the Dungeon.
             The game lasted 00:00:24 (939 turns).

qw the Shooter (Deep Elf Hunter)                     Turns: 939, Time: 00:00:25

Health: -1/20      AC:  4    Str: 10    XL:     3   Next: 42%
Magic:  5/5        EV: 12    Int: 13    God:
Gold:   52         SH:  0    Dex: 18    Spells: 2/2 levels left

rFire   . . .        a - +0 shortbow
rCold   . . .        (shield currently unavailable)
rNeg    . . .        c - +0 leather armour
rPois   .            (no helmet)
rElec   .            d - +0 cloak
rCorr   .            (no gloves)
SInv    .            (no boots)
Will    .....        (no amulet)
Stlth   ++           (no ring)
HPRegen 0.23/turn    (no ring)
MPRegen 0.09/turn

%: no passive effects
@: no status effects
A: no striking features
a: no special abilities


You were on level 2 of the Dungeon.
You visited 1 branch of the dungeon, and saw 2 of its levels.

You collected 52 gold pieces.


   Skills:
 - Level 1.5 Fighting
 + Level 7.0 Ranged Weapons
 - Level 2.4 Dodging
 - Level 1.2 Stealth


You had 2 spell levels left.
You didn't know any spells.
Your spell library was empty.

Inventory:

Hand Weapons
 a - a +0 shortbow (weapon)
Armour
 c - a +0 leather armour (worn)
 d - a +0 cloak (worn)
 h - a +0 ring mail
Scrolls
 g - a scroll of teleportation {unknown}
Potions
 b - a potion of degeneration {unknown}
 e - a potion of invisibility {unknown}
 f - a potion of ambrosia {unknown}

Dungeon Overview and Level Annotations

Branches:
Dungeon (2/15)

Altars:

Annotations:
D:2 Natasha, Terence


Message History

Terence is moderately wounded.
You shoot an arrow.
Natasha hisses angrily.
The arrow hits Terence but does no damage.
Terence is moderately wounded.
Terence barely misses you.
You shoot an arrow. The arrow hits Terence.
Terence is heavily wounded.
Terence barely misses you.
You shoot an arrow. The arrow barely misses Terence.
The arrow closely misses Natasha.
Terence hits you with a +0 hand axe. Terence misses you.
You shoot an arrow. The arrow hits Terence.
Terence is severely wounded.
Terence hits you with a +0 hand axe.
You shoot an arrow. The arrow hits Terence.
Terence is almost dead.
Natasha claws you. Terence misses you.
You shoot an arrow.
The arrow hits Terence but does no damage.
Terence is almost dead.
Natasha stares at you and mumbles some strange words.
You resist with some effort. Terence closely misses you.
You shoot an arrow.
The arrow hits Terence but does no damage.
Terence is almost dead.
Natasha casts a spell at you. The magic dart hits you.
Terence hits you with a +0 hand axe.
You shoot an arrow.
The arrow hits Terence but does no damage.
Terence is almost dead.
Natasha claws you but does no damage. Terence hits you with a +0 hand axe.
You shoot an arrow.
The arrow hits Terence but does no damage.
Terence is almost dead.
Natasha claws you but does no damage. Terence hits you but does no damage.
You shoot an arrow. The arrow closely misses Terence.
Natasha stares at you and mumbles some strange words.
The magic dart hits you.
You die...

###### ######## ......
........
......##################
.................#
.................#######
.................##....#
...!$............##....#
#....@@....)..........'
#....h%.........##....#
.[##.#...........##....#
#.............##....#
...........#######...%.
#########%.# ####..
....# #.. #.##.## #.. #
#.# #..


You could see Terence and Natasha.

Vanquished Creatures
  An adder (D:2)
  2 dart slugs
  3 ball pythons
  2 endoplasms (D:2)
  A giant cockroach (D:1)
  3 goblins
  3 hobgoblins
  3 jackals
  2 quokkas (D:2)
  5 frilled lizards
  2 kobolds (D:2)
  4 rats
31 creatures vanquished.

Notes
Turn   | Place    | Note
-------+----------+-------------------------------------------
     0 | D:1      | qw the Deep Elf Hunter began the quest for the Orb.
     0 | D:1      | Reached XP level 1. HP: 12/12 MP: 3/3
     0 | D:1      | 0 ||| qw: Version: 0.3-a-22-g0ed2b0b
     0 | D:1      | 0 ||| qw: Game counter: 6560
     0 | D:1      | 0 ||| qw: Melee chars always use a shield: true
     0 | D:1      | 0 ||| qw: God list: Okawaru
     0 | D:1      | 0 ||| qw: Allow faded altars: false
     0 | D:1      | 0 ||| qw: Do Orc after clearing Dungeon:15 true
     0 | D:1      | 0 ||| qw: Do second Lair branch before Depths: true
     0 | D:1      | 0 ||| qw: Lair rune preference: random
     0 | D:1      | 0 ||| qw: Goals: Normal
     0 | D:1      | 0 ||| PLANNING D:1-11
   175 | D:1      | Reached skill level 6 in Ranged Weapons
   175 | D:1      | Reached XP level 2. HP: 16/16 MP: 4/4
   365 | D:1      | You fall into a shaft and drop 1 floor!
   369 | D:2      | 369 ||| FLEEEEING.
   370 | D:2      | 370 ||| FLEEEEING.
   371 | D:2      | 371 ||| FLEEEEING.
   372 | D:2      | 372 ||| FLEEEEING.
   373 | D:2      | 373 ||| FLEEEEING.
   374 | D:2      | 374 ||| FLEEEEING.
   375 | D:2      | 375 ||| STAIRDANCE
   672 | D:1      | 672 ||| UPGRADING to +0 cloak.
   677 | D:1      | 677 ||| DROPPING scroll of butterflies.
   896 | D:2      | Reached XP level 3. HP: 20/20 MP: 5/5
   923 | D:2      | Reached skill level 7 in Ranged Weapons
   923 | D:2      | Noticed Terence
   927 | D:2      | Noticed Natasha
   937 | D:2      | HP: 5/20 [Terence/+0 hand axe (2)]
   939 | D:2      | Killed from afar by Natasha

Levels and vault maps discovered:
D:1:      lemuel_arrival_river_bridge, layout_rooms,
          nicolae_kite_square_tiling_tiny, st_stairs_8, dk_noncrumbling_4
D:2:      layout_basic, serial_shops, shop, minmay_tetromino_o2, uniq_natasha,
          uniq_terence

Skill      XL: |  1  2  3 |
---------------+----------+-----
Ranged Weapons | 6 7 |  7.0
Fighting       | |  1.5
Dodging        | |  2.4
Stealth        | |  1.2

Action                     || total
---------------------------++-------
   Fire: Shortbow          ||   104
 Armour: Leather armour    ||     6
  Dodge: Dodged            ||    24

Table legend:
 A = Non-vault XP
 B = Vault XP
 C = Vault XP percentage of total XP
 D = Non-vault monster count
 E = Vault monster count
 F = Vault count percentage of total count
                 A         B        C        D         E       F
            +---------+---------+-------+---------+---------+-------
      Total |      48 |      17 |  26.2 |      27 |       4 |  12.9
            +---------+---------+-------+---------+---------+-------
        D:1 |      21 |       3 |  12.5 |      12 |       2 |  14.3
        D:2 |      27 |      14 |  34.1 |      15 |       2 |  11.8
            +---------+---------+-------+---------+---------+-------
